 Dungeon Crawl Stone Soup version 0.18.1-48-g4cf74bf (webtiles) character file.

1280 tyrion the Ducker (level 8, -7/103 HPs)
             Began as a Minotaur Monk on Aug 12, 2016.
             Was a Priest of Cheibriados.
             Mangled by an ogre
             ... wielding a +0 giant spiked club
              (20 damage)
             ... on level 5 of the Dungeon.
             The game lasted 00:09:05 (4851 turns).

tyrion the Ducker (Minotaur Monk)                   Turns: 4851, Time: 00:09:05

Health: -7/103     AC: 24    Str: 23    XL:     8   Next: 29%
Magic:  0/9        EV:  2    Int: 17    God:    Cheibriados [***...]
Gold:   251        SH:  0    Dex: 27    Spells: 0 memorised, 7 levels left

rFire  . . .     SeeInvis .     u - -2 flail (curse)
rCold  . . .     Gourm    .     (armour currently unavailable)
rNeg   + + +     Faith    .     (no shield)
rPois  +         Spirit   +     (helmet currently unavailable)
rElec  .         Dismiss  .     (cloak currently unavailable)
rCorr  .         Reflect  .     (gloves currently unavailable)
SustAt .         Harm     .     (boots currently unavailable)
MR     +....     NoTele   +     g - amulet of guardian spirit
Stlth  ++++......               (no ring)
                                a - ring of wizardry

@: agile, tree-form (expiring), very slightly contaminated, hasted, slow,
somewhat resistant to hostile enchantments, stealthy
A: (retaliatory headbutt), (horns 0), magic resistance 1
a: Bend Time, Temporal Distortion, Renounce Religion


You were on level 5 of the Dungeon.
You worshipped Cheibriados.
Cheibriados was most pleased with you.
You were hungry.
You were a tree.
You visited 2 branches of the dungeon, and saw 6 of its levels.

You collected 251 gold pieces.

Inventory:

Hand Weapons
 h - a +2 whip of electrocution
 u - a cursed -2 flail (weapon)
Missiles
 e - 2 throwing nets (quivered)
Armour
 k - a +0 pair of gloves (melded)
 p - a +0 leather armour (melded)
Jewellery
 a - a ring of wizardry (left branch)
 g - an amulet of guardian spirit (around neck)
 t - an uncursed amulet of faith {unknown}
 v - a +4 amulet of reflection {unknown}
Potions
 c - a potion of degeneration {unknown}
 l - a potion of cure mutation {unknown}
 m - 2 potions of flight
 n - a potion of agility
 o - a potion of berserk rage
 q - a potion of mutation {unknown}
 r - a potion of lignification
 s - a potion of might {unknown}
Books
 d - a book of Annihilations

   Spells                             Type                      Level
   a - Poison Arrow                   Conjuration/Poison           6
   b - Chain Lightning                Conjuration/Air              8
   c - Lehudib's Crystal Spear        Conjuration/Earth            8
   d - Glaciate                       Conjuration/Ice              9
   e - Fire Storm                     Conjuration/Fire             9
 i - a book of Envenomations

   Spells                             Type                      Level
   a - Spider Form                    Transmutation/Poison         3
   b - Olgreb's Toxic Radiance        Poison                       4
   c - Alistair's Intoxication        Transmutation/Poison         5
   d - Poisonous Cloud                Conjuration/Poison/Air       6
Comestibles
 b - 7 bread rations


   Skills:
 + Level 5.5 Fighting
 * Level 5.9 Maces & Flails
 * Level 5.0 Armour
 * Level 6.8 Dodging
 - Level 1.5 Stealth
 - Level 4.8 Unarmed Combat
 * Level 3.0 Invocations


You had 7 spell levels left.
You didn't know any spells.

Dungeon Overview and Level Annotations

Branches:
Dungeon (5/15)             Temple (1/1) D:5

Altars:
Ashenzari
Cheibriados
Fedhas
Makhleb
Okawaru
Pakellas
Ru
Xom
The Shining One

Annotations:
D:3 turokix's ghost, amateur GrWz


Innate Abilities, Weirdness & Mutations

((You reflexively headbutt those who attack you in melee.))
((You have a pair of horns on your head.))
You are resistant to hostile enchantments.


Message History

You sock the ogre!
The ogre is moderately wounded.
The ogre hits you with a giant spiked club!!
* * * LOW HITPOINT WARNING * * *
Unknown command.
Drink which item? (? for menu, Esc to quit)
You feel better.
Drink which item? (? for menu, Esc to quit)
You don't have any such object.
Drink which item? (? for menu, Esc to quit)
Drink which item? (? for menu, Esc to quit)
Drink which item? (? for menu, Esc to quit)
Okay, then.
Unknown command.
Drink which item? (? for menu, Esc to quit)
It was a potion of beneficial mutation.
You feel resistant to hostile enchantments.
You feel fantastic!
The ogre hits you with a giant spiked club!!
You die...

#....≈≈###'#...........#....#...
#....≈≈≈.#.')...)....)['....'...
#.)..≈≈≈.#.#...........#....#...
#....≈≈≈.#.#####################
#.P..≈≈≈.#......#
#....≈≈≈.#....).#
#....≈≈≈.#.###)##
#....≈≈≈.#.#...)#
#....≈≈≈.#.#...♣#
#....≈≈###'#...)O...g..
#....≈≈#...#####################
#....≈≈#g..#....................
#....≈≈#####≈≈≈≈≈≈≈≈≈≈≈≈≈≈≈≈≈≈≈≈
#....≈≈≈≈≈≈≈≈≈≈≈≈≈≈≈≈≈≈≈≈≈≈≈≈≈≈≈
#....≈≈≈≈≈≈≈≈≈≈≈≈≈≈≈≈≈≈≈≈≈≈≈≈≈≈≈
#...........†..P................
#......P........................


You could see an ogre and a gnoll.

Vanquished Creatures
  The ghost of pancakeRgood the Ducker, a novice MiIE of Qazlal (D:5)
  2 ogres (D:4)
  A centaur (D:5)
  A phantom (D:4)
  2 orc priests (D:5)
  2 gnoll shamans (D:5)
  2 iguanas (D:4)
  2 orc wizards (D:5)
  A hound skeleton (D:5)
  A howler monkey zombie (D:5)
  A worker ant zombie (D:5)
  26 gnolls (D:5)
  5 adders
  6 worms
  4 giant geckos
  8 orcs
  4 giant cockroaches
  8 goblins
  6 hobgoblins
  14 jackals (D:5)
  A ball python (D:1)
  9 bats
  A giant gecko skeleton (D:4)
  2 giant gecko zombies (D:5)
  3 giant newts
  A jackal skeleton (D:4)
  9 kobolds
  A quokka zombie (D:5)
  10 rats
134 creatures vanquished.

Notes
Turn   | Place    | Note
--------------------------------------------------------------
     0 | D:1      | tyrion the Minotaur Monk began the quest for the Orb.
     0 | D:1      | Reached XP level 1. HP: 19/19 MP: 0/0
   261 | D:1      | Reached XP level 2. HP: 26/27 MP: 1/1
   640 | D:2      | Reached skill level 1 in Maces & Flails
   643 | D:2      | Reached XP level 3. HP: 33/33 MP: 2/2
   934 | D:2      | Reached skill level 4 in Dodging
  1220 | D:3      | Reached XP level 4. HP: 38/40 MP: 3/3
  1365 | D:3      | Noticed turokix's ghost (amateur GrWz)
  1625 | D:3      | Reached skill level 1 in Armour
  1650 | D:3      | Found an iron altar of Okawaru.
  1767 | D:4      | Reached XP level 5. HP: 15/46 MP: 1/4
  2049 | D:4      | Noticed an ogre
  2057 | D:4      | Killed an ogre
  2125 | D:4      | Noticed a phantom
  2134 | D:4      | Killed a phantom
  2134 | D:4      | Reached skill level 5 in Dodging
  2134 | D:4      | Reached XP level 6. HP: 45/53 MP: 3/5
  2274 | D:4      | Found a sacrificial altar of Ru.
  2556 | D:4      | Found a blossoming altar of Fedhas.
  2750 | D:4      | Found a shimmering altar of Xom.
  2816 | D:5      | Entered Level 5 of the Dungeon
  2881 | D:5      | Found a staircase to the Ecumenical Temple.
  2895 | D:5      | Noticed pancakeRgood's ghost (novice MiIE)
  2897 | Temple   | Entered the Ecumenical Temple
  2932 | Temple   | Became a worshipper of Cheibriados the Contemplative
  2932 | Temple   | Reached * piety under Cheibriados
  2932 | Temple   | Reached ** piety under Cheibriados
  3098 | D:5      | Reached XP level 7. HP: 48/60 MP: 4/6
  3188 | D:5      | Reached skill level 1 in Invocations
  3329 | D:5      | Reached *** piety under Cheibriados
  3331 | D:5      | Reached skill level 6 in Dodging
  3333 | D:5      | Reached skill level 5 in Fighting
  3685 | D:5      | Killed pancakeRgood's ghost
  3685 | D:5      | Reached skill level 5 in Maces & Flails
  3846 | D:5      | Found a burning altar of Makhleb.
  4090 | D:5      | Reached XP level 8. HP: 56/68 MP: 5/8
  4399 | D:5      | Found an oddly glowing altar of Pakellas.
  4810 | D:5      | Reached skill level 5 in Armour
  4849 | D:5      | HP: 3/103 [ogre/giant spiked club (20)]
  4851 | D:5      | Gained mutation: You are resistant to hostile enchantments. [potion of beneficial mutation]
  4851 | D:5      | Mangled by an ogre

Skill      XL: |  1  2  3  4  5  6  7  8 |
---------------+-------------------------+-----
Maces & Flails | 1 2 3 4 5 |  5.9
Fighting       | 4 5 |  5.5
Dodging        | 4 5 6 |  6.8
Armour         | 1 2 3 4 5 |  5.0
Invocations    | 2 3 |  3.0
Stealth        | |  1.5
Unarmed Combat | |  4.8

Action                   |  1- 3 |  4- 6 |  7- 9 || total
-------------------------+-------+-------+-------++-------
Melee: Unarmed           |    27 |       |       ||    27
       Headbutt          |     6 |    17 |    27 ||    50
       Whip              |    44 |   107 |    41 ||   192
       Punch             |     3 |     1 |     5 ||     9
       Flail             |       |       |   101 ||   101
Throw: Throwing net      |       |     4 |       ||     4
Invok: Bend Time         |       |       |     3 ||     3
  Use: Scroll            |       |     4 |     1 ||     5
       Potion            |       |       |     9 ||     9
 Stab: Sleeping          |     6 |     2 |       ||     8
       Held in net/web   |       |     4 |       ||     4
  Eat: Chunk             |     1 |     2 |     1 ||     4
       Meat ration       |       |     1 |       ||     1
Armor: Robe              |     5 |       |       ||     5
       Leather armour    |     9 |    25 |    19 ||    53
       Skin              |       |       |    11 ||    11
Dodge: Dodged            |    48 |    55 |   127 ||   230
